 Dungeon Crawl Stone Soup version 0.26-a0-812-g31a745ddcd (webtiles) character file.

Game seed: 1037107412876383384

647 kae the Gusty (level 7, 0/35 HPs)
             Began as a Vine Stalker Air Elementalist on Nov 25, 2020.
             Slain by a lemure (10 damage)
             ... led by Pikel
             ... on level 4 of the Dungeon.
             The game lasted 00:05:56 (5960 turns).

kae the Gusty (Vine Stalker Air Elementalist)       Turns: 5960, Time: 00:05:56

Health: 0/35       AC:  4    Str: 12    XL:     7   Next: 52%
Magic:  0/14       EV: 12    Int: 16    God:
Gold:   189        SH:  5    Dex: 14    Spells: 9/15 levels left

rFire    . . .     SeeInvis +   i - +3 dagger (speed)
rCold    . . .     Faith    .   (no shield)
rNeg     . . .     Spirit   +   a - +2 robe
rPois    .         Reflect  +   (no helmet)
rElec    .         Harm     .   (no cloak)
rCorr    .         Rampage  .   (no gloves)
MR       .....     Rnd*Tele +   (no boots)
Stlth    ++........             d - amulet of reflection
HPRegen  0.51/turn              h - ring of teleportation (curse)
MPRegen  0.14/turn              f - ring of see invisible

@: swift, quick
A: fangs 2, regeneration 1, magic shield, antimagic bite, no potion heal 3, rot
immunity
a: no special abilities


You were on level 4 of the Dungeon.
You visited 1 branch of the dungeon, and saw 5 of its levels.

You collected 189 gold pieces.

Inventory:

Hand Weapons
 i - a +3 dagger of speed (weapon)
Armour
 a - a +2 robe (worn)
Jewellery
 c - an uncursed ring of positive energy
 d - an amulet of reflection (around neck)
 f - a ring of see invisible (right hand)
 h - a cursed ring of teleportation (left hand)
 m - an uncursed ring of protection from magic {unknown}
Wands
 n - a wand of polymorph (6)
 p - a wand of iceblast (12)
 u - a wand of disintegration (10)
 v - a wand of flame (12)
Scrolls
 b - a scroll of immolation
 e - a scroll of magic mapping
 l - a scroll of enchant armour
 o - 2 scrolls of amnesia
 q - 3 scrolls of identify
 r - a scroll of remove curse
Potions
 g - a potion of resistance {unknown}
 j - a potion of magic {unknown}
 k - a potion of curing
 s - a potion of ambrosia
 t - a potion of cancellation {unknown}
 w - a potion of heal wounds {unknown}


   Skills:
 + Level 2.2 Fighting
 + Level 1.7 Armour
 - Level 1.5 Dodging
 - Level 2.4 Stealth
 * Level 4.5 Spellcasting
 * Level 4.0 Conjurations
 * Level 5.0 Air Magic


You had 9 spell levels left.
You knew the following spells:

 Your Spells              Type           Power        Failure   Level
a - Shock                 Conj/Air       ###.         2%          1
b - Static Discharge      Conj/Air       ###.....     8%          3
c - Swiftness             Air            ###.....     3%          2

Your spell library contained the following spells:

 Spells                   Type           Power        Failure   Level
 Airstrike                Air            ###.......   21%         4
 Lightning Bolt           Conj/Air       ###.......   56%         5


Dungeon Overview and Level Annotations

Branches:
Dungeon (5/15)
 Temple: D:4-7

Altars:
Ru

Shops:
D:5 =

Annotations:
D:3 1 runed translucent door, Lanoc's ghost, weakling TeSu
D:5 Pikel


Innate Abilities, Weirdness & Mutations

You have extremely sharp teeth.
Your natural rate of healing is unusually fast.
When hurt, damage is shared between your health and your magic reserves.
Your bite disrupts and absorbs the magic of your enemies.
Potions cannot restore your health.
You are immune to rotting.


Message History

The lemure hits you.
* * * LOW HITPOINT WARNING * * *
You miss the lemure. You bite the lemure, but do no damage.
The lemure is almost dead.
You block the lemure's attack. The lemure closely misses you.
You barely miss the lemure.
The lemure is almost dead.
You hit the lemure.
You kill the lemure!
That felt strangely unrewarding.
The lemure hits you but does no damage. The lemure hits you!
* * * LOW HITPOINT WARNING * * *
You climb upwards.
There is a stone staircase leading down here.
You block the lemure's attack.
Sorry, you're not good enough to have a special ability.
Casting: Shock (safe; 2% risk of failure)
Confirm with . or Enter, or press ? or * to list all spells.
You feel quick. The lemure hits you!
You die...

#............# #.>..........#
## #............# #.
#.........)..# #.
#............### #########.
#..............# ###.........
#............#.###...###..###
#..................### #.##
####.......5@...########.# #
#...>..#..............####
#....#...#.#....<)....#...
#........#..#...........##
#....##.....#.........####
########.##.#.........# #
#.##...........####
#................##
#.....#..........#.


You could see a lemure.

Vanquished Creatures
  A phantom (D:5)
  A centaur (D:3)
  A lemure (D:5)
  A scorpion (D:5)
  An orc priest (D:3)
  3 hounds
  A bullfrog skeleton (D:4)
  An orc wizard (D:3)
  3 worker ants
  3 gnolls
  4 adders
  An ufetubus (D:5)
  An ooze (D:3)
  An adder skeleton (D:4)
  3 worms
  2 leopard geckos
  13 orcs
  7 bats
  4 giant cockroaches
  6 goblins
  5 hobgoblins
  10 jackals
  5 kobolds
  4 quokkas
  2 ball pythons
  5 frilled lizards
  2 quokka skeletons
  5 rats
96 creatures vanquished.

Notes
Turn   | Place    | Note
-------+----------+-------------------------------------------
     0 | D:1      | kae the Vine Stalker Air Elementalist began the quest for
                  | the Orb.
     0 | D:1      | Reached XP level 1. HP: 9/9 MP: 4/4
   215 | D:1      | Reached XP level 2. HP: 12/13 MP: 1/6
  1105 | D:2      | Reached XP level 3. HP: 14/17 MP: 0/7
  1895 | D:2      | Gained mutation: Your natural rate of healing is unusually
                  | fast. [Vine Stalker growth]
  1895 | D:2      | Reached XP level 4. HP: 16/21 MP: 6/9
  2126 | D:2      | Learned a level 3 spell: Static Discharge
  2129 | D:2      | Learned a level 2 spell: Swiftness
  2203 | D:3      | Noticed a centaur
  2778 | D:3      | Found a runed translucent door.
  2790 | D:3      | Noticed Lanoc's ghost (weakling TeSu)
  2870 | D:3      | Found a faded altar of an unknown god.
  2890 | D:3      | Found a sacrificial altar of Ru.
  3077 | D:3      | Reached skill level 1 in Fighting
  3079 | D:3      | Reached XP level 5. HP: 25/25 MP: 6/10
  3105 | D:3      | Reached skill level 4 in Air Magic
  3175 | D:3      | Killed a centaur
  3175 | D:3      | Reached skill level 1 in Armour
  3175 | D:3      | Reached XP level 6. HP: 16/30 MP: 12/12
  4492 | D:5      | Entered Level 5 of the Dungeon
  5327 | D:5      | Noticed a phantom
  5329 | D:5      | Reached XP level 7. HP: 31/34 MP: 7/14
  5635 | D:5      | Found Biany's Jewellery Shop.
  5668 | D:5      | Reached skill level 5 in Air Magic
  5907 | D:5      | Noticed Pikel
  5960 | D:4      | Slain by a lemure

Illustrated notes

Levels and vault maps discovered:
D:1:      elethiomel_arrival_shortcut, layout_basic, minmay_tetromino_t4
D:2:      layout_basic
D:3:      layout_loops_corners, ebering_ghost_reflecting_pool,
          chequers_ecumenical_altar_twisty, nicolae_ru_the_path_less_chosen
D:4:      layout_rooms
D:5:      layout_gridville, kennysheep_mini, minmay_temple_entry_offerings,
          serial_shops, nicolae_shop_temple_entry_statues_fountains,
          serial_rivers, chequers_serial_rivers_marsh,
          chequers_serial_rivers_small_3, chequers_serial_rivers_small_3,
          chequers_serial_rivers_large_b, chequers_serial_rivers_small_b,
          uniq_pikel

Skill      XL: |  1  2  3  4  5  6  7 |
---------------+----------------------+-----
Conjurations   | 2 3 4 |  4.0
Spellcasting   | 3 4 |  4.5
Fighting       | 1 2 |  2.2
Air Magic      | 4 5 |  5.0
Armour         | 1 |  1.7
Dodging        | |  1.5
Stealth        | |  2.4

Action                   |  1- 3 |  4- 6 |  7- 9 || total
-------------------------+-------+-------+-------++-------
Melee: Unarmed           |    18 |       |       ||    18
       Bite              |     9 |    22 |     5 ||    36
       Dagger            |    27 |    86 |    27 ||   140
 Cast: Shock             |    51 |   122 |    35 ||   208
       Swiftness         |       |     2 |     1 ||     3
       Static Discharge  |       |     1 |     2 ||     3
Evoke: Wand              |       |       |     3 ||     3
  Use: Scroll            |     5 |     7 |       ||    12
       Potion            |       |     3 |       ||     3
 Stab: Sleeping          |     6 |       |       ||     6
Armor: Robe              |     6 |    10 |     3 ||    19
       Leather armour    |     7 |     1 |       ||     8
Dodge: Dodged            |    36 |    48 |    16 ||   100
Block: Other             |       |    19 |     8 ||    27

Table legend: (Time is in decaauts)
 A = Elapsed time spent in this place.
 B = Non-inter-level travel time spent in this place.
 C = Inter-level travel time spent in this place.
 D = Time resting spent in this place.
 E = Time spent auto-exploring this place.
 F = Levels seen in this place.
 G = Mean time per level.
                   A        B        C        D        E       F      G
               +--------+--------+--------+--------+--------+-----+--------+
         Total |   5899 |   5630 |    269 |    332 |   4530 |   5 | 1179.8 |
       Dungeon |   5899 |   5630 |    269 |    332 |   4530 |   5 | 1179.8 |
               +--------+--------+--------+--------+--------+-----+--------+

Top non-repeatable levels by time:
     D:3: 1549 daAuts
     D:2: 1451 daAuts
     D:4: 1053 daAuts
     D:5: 978 daAuts
     D:1: 865 daAuts
